 Dungeon Crawl Stone Soup version 0.22.1-1-ga44c0e5 (webtiles) character file.

5772 sbiou the Fighter (level 10, -3/82 HPs)
             Began as a Gnoll Wanderer on Sept 26, 2018.
             Was a Priest of Qazlal.
             Slain by a spiny frog (7 damage)
             ... on level 1 of the Lair of Beasts on Oct 1, 2018.
             The game lasted 00:46:45 (8239 turns).

sbiou the Fighter (Gnoll Wanderer)                  Turns: 8239, Time: 00:46:45

Health: -3/82      AC: 16    Str: 18    XL:     10   Next: 78%
Magic:  18/18      EV:  2    Int: 14    God:    Qazlal [***...]
Gold:   378        SH:  0    Dex: 13    Spells: 20/20 levels left

rFire    . . .     SeeInvis .   a - +2 spear (flame)
rCold    + . .     Gourm    .   e - +0 shield
rNeg     + + +     Faith    .   u - +1 plate armour
rPois    ∞         Spirit   .   (no helmet)
rElec    .         Reflect  .   n - +0 cloak
rCorr    +         Harm     +   t - +0 pair of gloves
MR       .....     Rnd*Tele +   (no boots)
Stlth    ..........             i - amulet of harm
HPRegen  0.23/turn              N - ring of resist corrosion
MPRegen  0.16/turn              J - +5 ring of evasion

@: petrified, very slightly contaminated
A: distributed training, fangs 1, cold resistance 1, dopey 1, teleportitis 1,
MP-powered wands, strong nose
a: Upheaval, Elemental Force, Renounce Religion


You were on level 1 of the Lair of Beasts.
You worshipped Qazlal.
Qazlal was most pleased with you.
You were not hungry.

You visited 2 branches of the dungeon, and saw 10 of its levels.
You also visited: Sewer.

You collected 378 gold pieces.

Inventory:

Hand Weapons
 a - a +2 spear of flaming (weapon)
 c - a +0 hand crossbow
 r - a +0 hunting sling
 x - a +0 long sword of protection
 G - a +0 fustibalus
Missiles
 b - 66 sling bullets
 d - 8 bolts
 h - 34 poisoned needles
 l - 175 arrows
 B - 7 curare-tipped needles
 F - 4 needles of confusion
Armour
 e - a +0 shield (worn)
 n - a +0 cloak (worn)
 t - a +0 pair of gloves (worn)
 u - a +1 plate armour (worn)
Magical Staves
 E - an uncursed staff of fire {unknown}
Jewellery
 i - an amulet of harm (around neck)
 z - an uncursed ring of protection from fire
 A - a cursed amulet of inaccuracy {unknown}
 I - an uncursed ring of stealth
 J - a +5 ring of evasion (right hand)
 M - an uncursed amulet of the gourmand {unknown}
 N - a ring of resist corrosion (left hand)
Wands
 p - a wand of polymorph (15)
 w - a wand of iceblast (14)
 y - a wand of paralysis (13)
 D - a wand of scattershot (10)
 H - a wand of acid (11)
 K - a wand of digging (13)
Scrolls
 g - 6 scrolls of remove curse
 j - 8 scrolls of identify
 m - a scroll of teleportation
 o - 5 scrolls of magic mapping
 v - a scroll of blinking
 L - a scroll of fear {unknown}
Potions
 q - 2 potions of curing
 s - 2 potions of flight
 C - a potion of haste
Comestibles
 f - 19 rations
 O - 2 chunks of flesh


   Skills:
 + Level 8.6 Fighting
 + Level 5.5 Short Blades
 + Level 5.5 Long Blades
 + Level 5.5 Axes
 + Level 5.5 Maces & Flails
 + Level 6.1 Polearms
 + Level 5.5 Staves
 + Level 5.5 Slings
 + Level 5.5 Bows
 + Level 7.2 Crossbows
 + Level 5.5 Throwing
 + Level 6.1 Armour
 + Level 6.1 Dodging
 + Level 6.0 Stealth
 + Level 5.5 Shields
 + Level 5.5 Unarmed Combat
 + Level 5.5 Spellcasting
 + Level 4.5 Conjurations
 + Level 4.5 Hexes
 + Level 4.5 Charms
 + Level 4.5 Summonings
 + Level 4.5 Necromancy
 + Level 4.5 Translocations
 + Level 4.5 Transmutations
 + Level 4.5 Fire Magic
 + Level 4.5 Ice Magic
 + Level 4.5 Air Magic
 + Level 4.5 Earth Magic
 + Level 4.5 Poison Magic
 + Level 6.0 Invocations
 + Level 6.1 Evocations


You had 20 spell levels left.
You didn't know any spells.
Your spell library was empty.

Dungeon Overview and Level Annotations

Branches:
Dungeon (9/15)             Temple (0/1) D:5            Lair (1/6) D:8
    Orc: D:9-12

Altars:
Ashenzari
Gozag
Qazlal
Sif Muna
Uskayaw
Vehumet

Annotations:
D:6 1 transporter, Spepijn's ghost, novice DESu


Innate Abilities, Weirdness & Mutations

Your experience applies equally to all skills.
You have very sharp teeth.
Your uncanny sense of smell can sniff out nearby items.
Your flesh is cold resistant. (rC+)
You are dopey. (Int -2)
You are occasionally teleported next to monsters.
You expend magic power (3 MP) to strengthen your wands.


Message History

The basilisk bites you.
* * * LOW HITPOINT WARNING * * *
The spiny frog stings you.
* * * LOW HITPOINT WARNING * * *
The crocodile bites you.
* * * LOW HITPOINT WARNING * * *
The basilisk gazes at you. The spiny frog stings you!
* * * LOW HITPOINT WARNING * * *
The basilisk bites you but does no damage.
The crocodile bites you but does no damage.
The spiny frog barely misses you.
The basilisk bites you but does no damage.
The crocodile bites you but does no damage.
The spiny frog stings you but does no damage.
The crocodile bites you but does no damage.
The basilisk bites you.
* * * LOW HITPOINT WARNING * * *
The spiny frog stings you!
You die...

#....# ###...<#
######.#(.†.#
.......(.#..#
.......(....#
........#...#
........#...# #
........##tl# ..#
......†.##§@#...##
......(††#.F§....#
................##
............#...#
.......(....P...#
................#
.......(....P...#
................#
...........[#....


You could see a spiny frog, a basilisk and a crocodile.

Vanquished Creatures
  Pikel (D:7)
  A black mamba (Lair:1)
  A spiny frog (Lair:1)
  2 hornets (D:8)
  A hippogriff (Lair:1)
  6 yaks (D:8)
  A basilisk (Lair:1)
  Eustachio (D:5)
  Menkaure (D:7)
  2 soldier ants (D:8)
  Duvessa (D:4)
  An orc warrior (D:8)
  2 ice beasts
  A slave (D:7)
  A phantom (D:4)
  3 ogres
  4 centaurs
  A crocodile (Lair:1)
  A big kobold (Sewer)
  2 bullfrogs (D:8)
  Dowan (D:4)
  3 scorpions
  An electric eel (D:8)
  2 crimson imps
  4 orc priests (D:4)
  2 hounds (D:8)
  A jelly (D:8)
  6 orc wizards
  3 bullfrog skeletons
  A centaur skeleton (D:6)
  2 iguanas
  A hell rat (Lair:1)
  2 worker ants
  A howler monkey zombie (D:8)
  A worker ant zombie (D:7)
  10 gnolls
  4 river rats
  6 adders
  2 shadow imps
  3 oozes
  2 adder skeletons
  6 worms
  2 dart slugs
  5 leopard geckos
  28 orcs
  2 giant cockroaches
  6 hobgoblins
  5 jackals
  9 kobolds
  4 quokkas
  5 ball pythons
  4 bats
  5 frilled lizards
  9 goblins
  2 quokka skeletons
  10 rats
194 creatures vanquished.

Vanquished Creatures (others)
  A crimson imp (D:7)
  6 fungi
7 creatures vanquished.

Grand Total: 201 creatures vanquished

Notes
Turn   | Place    | Note
-------+----------+-------------------------------------------
     0 | D:1      | sbiou the Gnoll Wanderer began the quest for the Orb.
     0 | D:1      | sbiou set off with: a +2 leather armour, a +0 ring mail, a
                  | +0 hand crossbow, 19 bolts, a ration
     0 | D:1      | Reached XP level 1. HP: 23/23 MP: 2/2
   134 | D:1      | Reached XP level 2. HP: 29/29 MP: 3/3
   675 | D:2      | Reached XP level 3. HP: 35/35 MP: 4/4
   810 | D:2      | Reached skill level 1 in Invocations
   929 | D:2      | Found a shattered altar of Ashenzari.
   931 | D:2      | Found an opulent altar of Gozag.
   933 | D:2      | Found a deep blue altar of Sif Muna.
   933 | D:2      | Found a stormy altar of Qazlal.
   934 | D:2      | Found a hide-covered altar of Uskayaw.
   943 | D:2      | Reached skill level 1 in Short Blades
   943 | D:2      | Reached skill level 1 in Long Blades
   943 | D:2      | Reached skill level 1 in Axes
   943 | D:2      | Reached skill level 1 in Maces & Flails
   943 | D:2      | Reached skill level 1 in Staves
   943 | D:2      | Reached skill level 1 in Slings
   943 | D:2      | Reached skill level 1 in Bows
   943 | D:2      | Reached skill level 1 in Throwing
   943 | D:2      | Reached skill level 1 in Shields
   943 | D:2      | Reached skill level 1 in Unarmed Combat
   943 | D:2      | Reached skill level 1 in Spellcasting
   953 | D:2      | Became a worshipper of Qazlal Stormbringer
  1005 | D:2      | Reached XP level 4. HP: 41/41 MP: 6/6
  1726 | D:3      | Reached skill level 1 in Conjurations
  1726 | D:3      | Reached skill level 1 in Hexes
  1726 | D:3      | Reached skill level 1 in Charms
  1726 | D:3      | Reached skill level 1 in Summonings
  1726 | D:3      | Reached skill level 1 in Necromancy
  1726 | D:3      | Reached skill level 1 in Translocations
  1726 | D:3      | Reached skill level 1 in Transmutations
  1726 | D:3      | Reached skill level 1 in Fire Magic
  1726 | D:3      | Reached skill level 1 in Ice Magic
  1726 | D:3      | Reached skill level 1 in Air Magic
  1726 | D:3      | Reached skill level 1 in Earth Magic
  1726 | D:3      | Reached skill level 1 in Poison Magic
  1769 | D:3      | Reached XP level 5. HP: 46/47 MP: 7/7
  2230 | D:3      | Gained mutation: You are dopey. (Int -2) [potion of
                  | mutation]
  2230 | D:3      | Gained mutation: You are occasionally teleported next to
                  | monsters. [potion of mutation]
  2230 | D:3      | Gained mutation: Your flesh is cold resistant. (rC+)
                  | [potion of mutation]
  2230 | D:3      | Gained mutation: You expend magic power (3 MP) to
                  | strengthen your wands. [potion of mutation]
  2243 | D:3      | Reached * piety under Qazlal
  2483 | D:4      | Reached XP level 6. HP: 45/53 MP: 2/8
  2520 | D:4      | Reached skill level 5 in Crossbows
  2734 | D:4      | Reached XP level 7. HP: 16/59 MP: 10/10
  2895 | D:4      | Found a runed door.
  3007 | D:4      | Reached skill level 7 in Fighting
  3207 | D:4      | Noticed Duvessa
  3207 | D:4      | Noticed Dowan
  3237 | D:4      | Killed Duvessa
  3257 | D:4      | Killed Dowan
  3325 | D:4      | Reached XP level 8. HP: 47/67 MP: 12/12
  3731 | D:4      | Noticed Crazy Yiuf
  3759 | D:4      | HP: 3/67 [poisoned by Crazy Yiuf]
  3766 | D:4      | HP: 3/67 [poisoned by Crazy Yiuf]
  3774 | D:4      | HP: 3/67 [poisoned by Crazy Yiuf]
  4226 | D:4      | Noticed Crazy Yiuf
  4226 | D:4      | Crazy Yiuf changed into Crazy Yiuf the centaur
  4232 | D:4      | Killed Crazy Yiuf the centaur
  4311 | D:5      | Entered Level 5 of the Dungeon
  4449 | D:5      | Found a staircase to the Ecumenical Temple.
  4489 | D:5      | Found a radiant altar of Vehumet.
  4565 | D:5      | Noticed Eustachio
  4748 | D:5      | Found a glowing drain.
  4753 | Sewer    | Entered a sewer
  4807 | Sewer    | Reached ** piety under Qazlal
  4834 | Sewer    | Found a glowing silver altar of Zin.
  5228 | D:5      | Killed Eustachio
  5574 | D:6      | Noticed Spepijn's ghost (novice DESu)
  5578 | D:6      | Noticed a cyan ugly thing
  5620 | D:6      | Found a transporter.
  5727 | D:6      | Reached XP level 9. HP: 72/72 MP: 14/14
  5805 | D:6      | You fall through a shaft!
  6127 | D:7      | Noticed Pikel
  6142 | D:7      | Killed Pikel
  6163 | D:7      | Reached skill level 5 in Polearms
  6163 | D:7      | Reached skill level 5 in Armour
  6163 | D:7      | Reached skill level 5 in Dodging
  6163 | D:7      | Reached skill level 5 in Evocations
  6292 | D:7      | Noticed Menkaure
  6300 | D:7      | Killed Menkaure
  6878 | D:8      | Reached skill level 5 in Stealth
  6894 | D:8      | Reached skill level 8 in Fighting
  6898 | D:8      | Reached skill level 5 in Invocations
  6902 | D:8      | Reached XP level 10. HP: 50/80 MP: 12/17
  7168 | D:8      | Reached *** piety under Qazlal
  7355 | D:8      | Reached skill level 5 in Short Blades
  7355 | D:8      | Reached skill level 5 in Long Blades
  7355 | D:8      | Reached skill level 5 in Axes
  7355 | D:8      | Reached skill level 5 in Maces & Flails
  7355 | D:8      | Reached skill level 5 in Staves
  7355 | D:8      | Reached skill level 5 in Slings
  7355 | D:8      | Reached skill level 5 in Bows
  7355 | D:8      | Reached skill level 5 in Throwing
  7355 | D:8      | Reached skill level 5 in Shields
  7355 | D:8      | Reached skill level 5 in Unarmed Combat
  7355 | D:8      | Reached skill level 5 in Spellcasting
  7416 | D:8      | Found a staircase to the Lair.
  8127 | Lair:1   | Entered Level 1 of the Lair of Beasts
  8145 | Lair:1   | Noticed a spiny frog
  8150 | Lair:1   | Noticed a black mamba
  8152 | Lair:1   | Killed a spiny frog
  8175 | Lair:1   | Killed a black mamba
  8231 | Lair:1   | Noticed a spiny frog
  8239 | Lair:1   | HP: 4/82 [basilisk (2)]
  8239 | Lair:1   | Slain by a spiny frog

Skill      XL: |  1  2  3  4  5  6  7  8  9 10 |
---------------+-------------------------------+-----
Invocations    | 1 2 3 4 5 6 |  6.0
Short Blades   | 1 2 3 4 5 |  5.5
Long Blades    | 1 2 3 4 5 |  5.5
Axes           | 1 2 3 4 5 |  5.5
Maces & Flails | 1 2 3 4 5 |  5.5
Staves         | 1 2 3 4 5 |  5.5
Slings         | 1 2 3 4 5 |  5.5
Bows           | 1 2 3 4 5 |  5.5
Throwing       | 1 2 3 4 5 |  5.5
Shields        | 1 2 3 4 5 |  5.5
Unarmed Combat | 1 2 3 4 5 |  5.5
Spellcasting   | 1 2 3 4 5 |  5.5
Conjurations   | 1 2 3 4 |  4.5
Hexes          | 1 2 3 4 |  4.5
Charms         | 1 2 3 4 |  4.5
Summonings     | 1 2 3 4 |  4.5
Necromancy     | 1 2 3 4 |  4.5
Translocations | 1 2 3 4 |  4.5
Transmutations | 1 2 3 4 |  4.5
Fire Magic     | 1 2 3 4 |  4.5
Ice Magic      | 1 2 3 4 |  4.5
Air Magic      | 1 2 3 4 |  4.5
Earth Magic    | 1 2 3 4 |  4.5
Poison Magic   | 1 2 3 4 |  4.5
Polearms       | 3 4 5 6 |  6.1
Armour         | 3 4 5 6 |  6.1
Dodging        | 3 4 5 6 |  6.1
Evocations     | 3 4 5 6 |  6.1
Crossbows      | 5 6 7 |  7.2
Stealth        | 3 4 5 6 |  6.0
Fighting       | 7 8 |  8.6

Action                   |  1- 3 |  4- 6 |  7- 9 | 10-12 || total
-------------------------+-------+-------+-------+-------++-------
Melee: Club              |       |   111 |       |       ||   111
       Spear             |       |    83 |   349 |   120 ||   552
       Bite              |       |    15 |    34 |    14 ||    63
       Unarmed           |       |       |       |    12 ||    12
 Fire: Hand crossbow     |    68 |    67 |   131 |    62 ||   328
Throw: Tomahawk          |       |       |     6 |    12 ||    18
Evoke: Wand              |       |     2 |     3 |       ||     5
  Use: Potion            |       |     6 |     5 |     1 ||    12
       Scroll            |       |     1 |    10 |     1 ||    12
  Eat: Chunk             |       |     2 |     8 |     4 ||    14
       Ration            |       |     1 |     2 |       ||     3
Armor: Leather armour    |     1 |       |       |       ||     1
       Plate armour      |       |   142 |   199 |    47 ||   388
       Skin              |       |       |    40 |       ||    40
Dodge: Dodged            |     8 |    26 |    56 |    41 ||   131
Block: Shield            |       |   106 |   235 |    85 ||   426
       Other             |       |       |       |     1 ||     1
